 Dungeon Crawl Stone Soup version 0.27-a0-887-gcab673c142 (webtiles) character file.

Game seed: 6077668333835112695

8 Alarkh the Skirmisher (level 2, 24/24 HPs)
             Began as a Demonspawn Fighter on Apr 4, 2021.
             Got out of the dungeon alive.
             The game lasted 00:00:36 (674 turns).

Alarkh the Skirmisher (Demonspawn Fighter)           Turns: 674, Time: 00:00:36

Health: 24/24      AC:  6    Str: 16    XL:     2   Next: 0%
Magic:  2/2        EV:  6    Int:  9    God:
Gold:   40         SH:  8    Dex: 12    Spells: 1/1 levels left

rFire    . . .     SeeInvis .     - Unarmed
rCold    . . .     Faith    .   b - +0 kite shield
rNeg     . . .     Spirit   .   a - +0 scale mail
rPois    .         Reflect  .   (no helmet)
rElec    .         Harm     .   (no cloak)
rCorr    .         Rampage  .   (no gloves)
Will     .....                  (no boots)
Stlth    ..........             (no amulet)
HPRegen  0.08/turn              (no ring)
MPRegen  0.16/turn              (no ring)

@: no status effects
A: magic regeneration
a: no special abilities


You escaped.
You visited 1 branch of the dungeon, and saw 1 of its levels.

You collected 40 gold pieces.

Inventory:

Armour
 a - a +0 scale mail (worn)
 b - a +0 kite shield (worn)
Scrolls
 d - 2 scrolls of summoning {unknown}
 e - a scroll of fear {unknown}
 f - a scroll of magic mapping {unknown}
 g - a scroll of enchant weapon {unknown}
Potions
 c - a potion of might


   Skills:
 + Level 3.2 Fighting
 - Level 2.6 Armour
 - Level 2.6 Shields
 * Level 2.2 Unarmed Combat


You had one spell level left.
You didn't know any spells.
Your spell library was empty.

Dungeon Overview and Level Annotations

Branches:
Dungeon (1/15)

Altars:


Innate Abilities, Weirdness & Mutations

You regenerate magic rapidly.


Message History

The hobgoblin hits you.
* * * LOW HITPOINT WARNING * * *
You hit the hobgoblin.
You kill the hobgoblin!
You see here a +0 dagger.
You start resting.
HP restored.
You start resting.
HP restored.
You see here a ball python skeleton.
There is an open door here.
d - 2 scrolls labelled TITRER NOME
Found a stone staircase leading down.
e - a scroll labelled UCYR RE JUNKO You now have 26 gold pieces (gained 13).
f - a scroll labelled MUZ TO ERORO
g - a scroll labelled QOENAT VUTO You now have 40 gold pieces (gained 14).
A rat comes into view.
A rat is nearby!
A rat is nearby!
You barely miss the rat. The rat bites you. You block the rat's attack.
You hit the rat.
The rat is heavily wounded.
You block the rat's attack.
Your scale mail prevents you from hitting the rat.
The rat is heavily wounded.
The rat barely misses you.
You hit the rat.
You kill the rat!
You have reached level 2!
Your demonic ancestry asserts itself...
Your magic begins to regenerate rapidly.
You see here a frilled lizard skeleton.
There is an open door here.
You see here a ball python skeleton.
You see here a +0 dagger.
There is a staircase leading out of the dungeon here.
Are you sure you want to leave the Dungeon?
This will make you lose the game!
You have escaped!

..............)....÷....
######[.#############...
#######.######## #...
................ #...
#.#####.#####.## #...
... ##...## ... ##'#
....#.....#.... #...
##.......## #.÷÷
#....@....# #...
#...........# +...
..#####.#####.. #... ..
... .. #... ... #...
##### #... #... ####


There were no monsters in sight!

Vanquished Creatures
  An endoplasm (D:1)
  A goblin (D:1)
  2 hobgoblins (D:1)
  A ball python (D:1)
  2 frilled lizards (D:1)
  A rat (D:1)
8 creatures vanquished.

Notes
Turn   | Place    | Note
-------+----------+-------------------------------------------
     0 | D:1      | Alarkh the Demonspawn Fighter began the quest for the Orb.
     0 | D:1      | Reached XP level 1. HP: 18/18 MP: 1/1
   628 | D:1      | Gained mutation: You regenerate magic rapidly. [demonic
                  | ancestry]
   628 | D:1      | Reached XP level 2. HP: 23/24 MP: 2/2
   674 | D:$      | Got out of the dungeon alive.

Illustrated notes

Levels and vault maps discovered:
D:1:      onia_arrival_pyramid, layout_basic,
          shapermc_ecumenical_altar_hornbeckon, minmay_tetromino_i2

Skill      XL: |  1 |
---------------+----+-----
Unarmed Combat | 2 |  2.2
Fighting       | |  3.2
Armour         | |  2.6
Shields        | |  2.6

Action                   || total
-------------------------++-------
Melee: Unarmed           ||    47
Armor: Scale mail        ||    27
Dodge: Dodged            ||     6
Block: Kite shield       ||    25

Table legend: (Time is in decaauts)
 A = Elapsed time spent in this place.
 B = Non-inter-level travel time spent in this place.
 C = Inter-level travel time spent in this place.
 D = Time resting spent in this place.
 E = Time spent auto-exploring this place.
 F = Levels seen in this place.
 G = Mean time per level.
                   A        B        C        D        E       F      G
               +--------+--------+--------+--------+--------+-----+--------+
         Total |    683 |    638 |     45 |    487 |     64 |   1 |  683.0 |
       Dungeon |    683 |    638 |     45 |    487 |     64 |   1 |  683.0 |
               +--------+--------+--------+--------+--------+-----+--------+

Top non-repeatable levels by time:
     D:1: 683 daAuts
